 Dungeon Crawl Stone Soup version 0.30-a0-414-gcb316572d5 (webtiles) character file.

Game seed: 15530754886566381751

38 NinjaNoafa the Chopper (level 3, -2/31 HPs)
             Began as a Minotaur Fighter on Dec 7, 2022.
             Succumbed to a gnoll's poison
             ... on level 2 of the Dungeon.
             The game lasted 00:00:58 (586 turns).

NinjaNoafa the Chopper (Minotaur Fighter)            Turns: 586, Time: 00:00:59

Health: -2/31      AC:  6    Str: 20    XL:     3   Next: 25%
Magic:  2/2        EV:  9    Int:  5    God:
Gold:   73         SH:  4    Dex: 11    Spells: 2/2 levels left

rFire   . . .      SeeInvis .    l - +2 flail (protect)
rCold   . . .      Faith    +    c - +0 buckler
rNeg    . . .      Spirit   .    b - +0 scale mail
rPois   .          Reflect  .    (helmet restricted)
rElec   .          Harm     .    (no cloak)
rCorr   .          Rampage  .    (no gloves)
Will    .....                    (no boots)
Stlth   ..........               g - amulet of faith
HPRegen 0.25/turn                (no ring)
MPRegen 0.08/turn                (no ring)

@: lethally poisoned (-2 -> -22)
A: horns 2, retaliatory headbutt
a: no special abilities


You were on level 2 of the Dungeon.
You visited 1 branch of the dungeon, and saw 2 of its levels.

You collected 73 gold pieces.

Inventory:

Hand Weapons
 l - a +2 flail of protection (weapon)
Missiles
 e - 5 silver boomerangs (quivered)
 i - 4 poisoned darts
Armour
 b - a +0 scale mail (worn)
 c - a +0 buckler (worn)
Jewellery
 g - an amulet of faith (around neck)
Scrolls
 k - 2 scrolls of immolation {unknown}
Potions
 d - a potion of might
 f - 2 potions of curing {unknown}
 h - a potion of ambrosia {unknown}
 j - a potion of mutation {unknown}


   Skills:
 - Level 3.6 Fighting
 - Level 4.2(4.4) Axes
 + Level 1.2(3.0) Maces & Flails
 - Level 3.6 Armour
 - Level 3.6 Shields


You had 2 spell levels left.
You didn't know any spells.
Your spell library was empty.

Dungeon Overview and Level Annotations

Branches:
Dungeon (2/15)

Altars:


Innate Abilities, Weirdness & Mutations

You have a pair of horns on your head.
You reflexively headbutt those who attack you in melee.


Message History

l - a +2 flail of protection (weapon)
Your movement speed is average.
Your attack delay is about 1.3.
Your damage rating with your +2 flail of protection is about 15 (Base 10 x 125% (Str) x 111% (Skill) + 2 (Ench)).
Okay, then.
You drop a +0 war axe.
There is a stone staircase leading down here.
Unknown command.
You climb downwards.
The hobgoblin shouts!
There is a stone staircase leading up here.
You climb upwards.
There is a stone staircase leading down here.
You start resting.
HP restored.
You climb downwards.
You block the gnoll's attack.
There is a stone staircase leading up here.
You sock the gnoll!
Your weapon exudes an aura of protection.
You kill the gnoll!
The gnoll barely misses you. The hobgoblin barely misses you.
You furiously retaliate!
You headbutt the hobgoblin!
You kill the hobgoblin!
Your base Maces & Flails skill increases to level 1!
You have reached level 3!
Your experience leads to an increase in your attributes!
Increase (S)trength, (I)ntelligence, or (D)exterity?
You feel agile. x2
The gnoll hits you with a +0 halberd! The gnoll hits you but does no damage.
You are poisoned.
Things that are here:
a +0 whip; a gnoll corpse You completely miss the gnoll.
You feel very sick. The gnoll hits you with a +0 halberd.
The gnoll hits you but does no damage.
You completely miss the gnoll.
You feel sick. You block the gnoll's attack.
The gnoll hits you from afar with a +0 spear of venom!
* * * LOW HITPOINT WARNING * * *
You are more poisoned.
You closely miss the gnoll.
You die...

# .#
###.#
#<..#
#@###
#g#
#g#
..(
#..
####


You could see 2 gnolls.

Vanquished Creatures
  2 gnolls
  A dart slug (D:1)
  2 endoplasms (D:1)
  2 giant cockroaches (D:1)
  A goblin (D:1)
  A hobgoblin (D:2)
  4 jackals (D:1)
  A quokka (D:1)
  A ball python (D:1)
  A frilled lizard (D:1)
16 creatures vanquished.

Notes
Turn   | Place    | Note
-------+----------+-------------------------------------------
     0 | D:1      | NinjaNoafa the Minotaur Fighter began the quest for the
                  | Orb.
     0 | D:1      | Reached XP level 1. HP: 19/19 MP: 0/0
    30 | D:1      | Reached skill level 3 in Axes
   284 | D:1      | Reached XP level 2. HP: 26/26 MP: 1/1
   534 | D:1      | Reached skill level 4 in Axes
   583 | D:2      | Reached skill level 1 in Maces & Flails
   583 | D:2      | Reached XP level 3. HP: 31/31 MP: 2/2
   586 | D:2      | Succumbed to a gnoll's poison

Illustrated notes

Levels and vault maps discovered:
D:1:      lightli_arrival_noodles, layout_basic
D:2:      layout_loops_ring, chequers_ecumenical_altar_simple,
          uniq_crazy_yiuf_cottage, uniq_robin, uniq_sigmund

Skill      XL: |  1  2 |
---------------+-------+-----
Axes           | 3 4 |  4.2
Maces & Flails | 1 |  1.2
Fighting       | |  3.6
Armour         | |  3.6
Shields        | |  3.6

Action                   || total
-------------------------++-------
Melee: War axe           ||    28
       Headbutt          ||     3
       Flail             ||     4
Armor: Scale mail        ||    15
Dodge: Dodged            ||    15
Block: Buckler           ||    10

Table legend: (Time is in decaauts)
 A = Elapsed time spent in this place.
 B = Non-inter-level travel time spent in this place.
 C = Inter-level travel time spent in this place.
 D = Time resting spent in this place.
 E = Time spent auto-exploring this place.
 F = Levels seen in this place.
 G = Mean time per level.
                   A        B        C        D        E       F      G
               +--------+--------+--------+--------+--------+-----+--------+
         Total |    598 |    574 |     24 |     35 |    426 |   2 |  299.0 |
       Dungeon |    598 |    574 |     24 |     35 |    426 |   2 |  299.0 |
               +--------+--------+--------+--------+--------+-----+--------+

Top non-repeatable levels by time:
     D:1: 583 daAuts
     D:2: 15 daAuts
